 Dungeon Crawl Stone Soup version 0.23-b1-58-ge3fafae (webtiles) character file.

Game seed: 3455781491275453052

3628 poirepourri the Cleaver (level 9, -5/74 HPs)
             Began as a Deep Dwarf Fighter on Feb 4, 2019.
             Was a Follower of Makhleb.
             Slain by an eight-headed hydra (7 damage)
             ... on level 8 of the Dungeon.
             The game lasted 00:05:55 (4997 turns).

poirepourri the Cleaver (Deep Dwarf Fighter)        Turns: 4997, Time: 00:05:56

Health: -5/74      AC:  9    Str: 19    XL:     9   Next: 87%
Magic:  8/8        EV:  7    Int: 10    God:    Makhleb [*.....]
Gold:   103        SH: 13    Dex: 15    Spells: 8/8 levels left

rFire    + . .     SeeInvis .   a - +0 war axe
rCold    . . .     Gourm    .   c - +4 shield
rNeg     . . .     Faith    +   A - +0 scale mail
rPois    .         Spirit   .   (no helmet)
rElec    .         Reflect  .   l - +0 cloak
rCorr    .         Harm     .   u - +0 pair of gloves
MR       +....                  (no boots)
Stlth    ..........             w - amulet of faith
HPRegen  0.00/turn              e - ring of fire
MPRegen  0.11/turn              n - ring of protection from cold

@: non-regenerating
A: damage resistance, heal wounds, sense surroundings 2, no regeneration
a: Heal Wounds, Renounce Religion


You were on level 8 of the Dungeon.
You worshipped Makhleb.
Makhleb was aware of your devotion.
You were not hungry.

You visited 1 branch of the dungeon, and saw 8 of its levels.
You also visited: Ossuary.

You collected 428 gold pieces.
You spent 325 gold pieces at shops.

Inventory:

Hand Weapons
 a - a +0 war axe (weapon)
 b - a +2 hand crossbow of freezing
Armour
 c - a +4 shield (worn)
 l - a +0 cloak (worn)
 u - a +0 pair of gloves (worn)
 A - a +0 scale mail (worn)
Jewellery
 e - a ring of fire (left hand)
 i - an uncursed ring of fire
 n - a ring of protection from cold (right hand)
 w - an amulet of faith (around neck)
Wands
 h - a wand of digging (2)
 k - a wand of acid (10)
Scrolls
 o - 3 scrolls of fog
 r - 2 scrolls of identify
 s - 2 scrolls of fear
 y - a scroll of blinking
Potions
 d - a potion of resistance
 j - 3 potions of flight
 m - 3 potions of magic
 t - a potion of might
 v - a potion of haste
Comestibles
 f - 9 rations


   Skills:
 - Level 2.6 Fighting
 + Level 14.8 Axes
 - Level 3.2 Armour
 - Level 3.2 Shields


You had 8 spell levels left.
You didn't know any spells.
Your spell library contained the following spells:

 Spells                   Type           Power        Failure   Level  Hunger
 Animate Skeleton         Necr           N/A          99%         1    ##.....
 Pain                     Necr           #...         99%         1    ##.....
 Vampiric Draining        Necr           #.........   100%        3    ####...
 Animate Dead             Necr           N/A          100%        4    #####..
 Regeneration             Chrm/Necr      Unusable     N/A         3    N/A

Dungeon Overview and Level Annotations

Branches:
Dungeon (8/15)             Temple (0/1) D:7
   Lair: D:8-11

Altars:
Dithmenos
Elyvilon
Fedhas
Hepliaklqana
Makhleb
The Shining One

Shops:
D:7 *

Annotations:
D:8 Erica


Innate Abilities, Weirdness & Mutations

You are resistant to damage.
You can heal yourself by infusing magical energy.
You passively map the area around you.
You do not regenerate.


Message History

There is a stone staircase leading up here.
You block the eight-headed hydra's attack.
The eight-headed hydra barely misses you.
You block the eight-headed hydra's attack.
The eight-headed hydra bites you but does no damage.
The eight-headed hydra bites you.
The eight-headed hydra bites you but does no damage.
The eight-headed hydra bites you! x2
Erica the Fiery-Tempered comes into view.
She is wielding a +0 scimitar of flaming.
Erica shouts!
Found a ration.
The eight-headed hydra bites you!
* * * LOW HITPOINT WARNING * * *
The eight-headed hydra bites you!
* * * LOW HITPOINT WARNING * * *
The eight-headed hydra bites you!
* * * LOW HITPOINT WARNING * * *
You block the eight-headed hydra's attack.
The eight-headed hydra bites you!
You die...

** ,, ###### **
* #...<##
#..D..# * , , *
#.@##.## ,
#.......#⌠.⌠#
**
#.###...##...#*
#..#.##..... *
##. @ *#.?>..#
, #.*.# *#⌠.⌠##
* * * #% .#
#### * , * #.
.# * , * * * ,


You could see an eight-headed hydra and Erica.

Vanquished Creatures
  Joseph (D:7)
  Eustachio (D:6)
  4 hogs (D:7)
  A hungry ghost (D:7)
  A human (D:7)
  Edmund (D:6)
  Menkaure (D:6)
  Duvessa (D:5)
  A phantom (D:7)
  A centaur (D:7)
  3 ogres
  3 bullfrogs
  A scorpion (D:6)
  Dowan (D:5)
  4 wights (D:5)
  A howler monkey (D:5)
  4 crimson imps
  A bullfrog zombie (D:6)
  4 orc priests
  4 hounds
  4 jellies (D:6)
  A bullfrog skeleton (D:6)
  A centaur skeleton (D:6)
  3 iguanas
  5 orc wizards
  Crazy Yiuf (D:6)
  A worker ant (D:7)
  A big kobold zombie (Ossuary)
  A hound zombie (Ossuary)
  A hound skeleton (D:5)
  4 mummies (Ossuary)
  8 adders
  A howler monkey skeleton (D:4)
  2 river rats (D:5)
  A shadow imp (D:7)
  An adder zombie (D:5)
  3 adder skeletons
  2 worms
  4 leopard geckos
  16 orcs
  3 giant cockroaches
  3 gnoll zombies (Ossuary)
  8 goblins
  2 hobgoblins
  7 jackals
  7 kobolds
  6 quokkas
  8 bats
  3 frilled lizards
  2 goblin zombies (Ossuary)
  A hobgoblin zombie (Ossuary)
  2 jackal zombies (Ossuary)
  A kobold zombie (Ossuary)
  An orc zombie (Ossuary)
  8 rats
162 creatures vanquished.

Notes
Turn   | Place    | Note
-------+----------+-------------------------------------------
     0 | D:1      | poirepourri the Deep Dwarf Fighter began the quest for the
                  | Orb.
     0 | D:1      | Reached XP level 1. HP: 20/20 MP: 1/1
    39 | D:1      | Reached skill level 3 in Axes
    60 | D:1      | Reached XP level 2. HP: 24/27 MP: 2/2
   400 | D:1      | Reached XP level 3. HP: 22/33 MP: 3/3
   438 | D:2      | Reached skill level 4 in Axes
  1123 | D:3      | Found a faded altar of an unknown god.
  1219 | D:3      | Reached XP level 4. HP: 33/40 MP: 4/4
  1379 | D:3      | Reached skill level 5 in Axes
  1397 | D:3      | Reached skill level 6 in Axes
  1397 | D:3      | Reached XP level 5. HP: 43/46 MP: 5/5
  1634 | D:4      | Noticed an ogre
  1645 | D:4      | Killed an ogre
  1645 | D:4      | Reached skill level 7 in Axes
  1645 | D:4      | Reached XP level 6. HP: 33/55 MP: 6/6
  1918 | D:4      | Reached skill level 8 in Axes
  2307 | D:5      | Entered Level 5 of the Dungeon
  2324 | D:5      | Noticed Dowan
  2325 | D:5      | Noticed Duvessa
  2347 | D:5      | Killed Dowan
  2347 | D:5      | Reached XP level 7. HP: 35/61 MP: 7/7
  2351 | D:5      | Killed Duvessa
  2351 | D:5      | Reached skill level 9 in Axes
  2693 | D:5      | Reached skill level 10 in Axes
  2938 | D:5      | Found a glowing drain.
  3197 | D:6      | Reached XP level 8. HP: 43/68 MP: 7/7
  3214 | D:6      | Found a sand-covered staircase.
  3224 | Ossuary  | Entered an ossuary
  3491 | D:6      | Found a runed translucent door.
  3492 | D:6      | Noticed Crazy Yiuf
  3497 | D:6      | Killed Crazy Yiuf
  3543 | D:6      | Noticed Edmund
  3553 | D:6      | Killed Edmund
  3553 | D:6      | Reached skill level 11 in Axes
  3630 | D:6      | Noticed Eustachio
  3665 | D:6      | Killed Eustachio
  3693 | D:6      | Reached skill level 12 in Axes
  3733 | D:6      | Found a white marble altar of Elyvilon.
  3789 | D:6      | Noticed Menkaure
  3796 | D:6      | Killed Menkaure
  3827 | D:6      | Found a burning altar of Makhleb.
  3846 | D:6      | Became a worshipper of Makhleb the Destroyer
  3854 | D:6      | Gained mutation: You passively map the area around you.
                  | [Deep Dwarf growth]
  3854 | D:6      | Reached XP level 9. HP: 45/74 MP: 8/8
  3865 | D:6      | Found a blossoming altar of Fedhas.
  3902 | D:6      | Found a glowing golden altar of the Shining One.
  3979 | D:6      | Found a hazy altar of Hepliaklqana.
  4174 | D:7      | Reached skill level 13 in Axes
  4221 | D:7      | Noticed Joseph
  4237 | D:7      | Killed Joseph
  4295 | D:7      | Found Senyus's Assorted Antiques.
  4313 | D:7      | Bought a scroll of blinking for 232 gold pieces
  4313 | D:7      | Bought a potion of curing for 93 gold pieces
  4533 | D:7      | Reached * piety under Makhleb
  4653 | D:7      | Found a staircase to the Ecumenical Temple.
  4730 | D:7      | Reached skill level 14 in Axes
  4957 | D:7      | Found a shadowy altar of Dithmenos.
  4986 | D:8      | Noticed a seven-headed hydra
  4996 | D:8      | Noticed Erica
  4997 | D:8      | HP: 2/74 [eight-headed hydra (11)]
  4997 | D:8      | Slain by an eight-headed hydra

Skill      XL: |  1  2  3  4  5  6  7  8  9 |
---------------+----------------------------+-----
Axes           | 3 4 6 7 8 10 12 14 | 14.8
Fighting       | |  2.6
Armour         | |  3.2
Shields        | |  3.2

Action                   |  1- 3 |  4- 6 |  7- 9 || total
-------------------------+-------+-------+-------++-------
Melee: War axe           |   128 |   129 |   370 ||   627
 Abil: Heal Wounds       |       |     4 |     7 ||    11
  Use: Scroll            |    11 |       |    13 ||    24
       Potion            |     2 |     9 |    10 ||    21
 Stab: Invisible         |       |       |    10 ||    10
  Eat: Ration            |     1 |     1 |     5 ||     7
       Chunk             |       |       |     1 ||     1
Armor: Scale mail        |    62 |    35 |   131 ||   228
       Skin              |       |     7 |       ||     7
Dodge: Dodged            |    50 |    31 |    73 ||   154
Block: Shield            |    70 |    59 |   233 ||   362
